 Dungeon Crawl Stone Soup version 0.23.2-40-g277498a001 (webtiles) character file.

Game seed: 11479605895306266746

275 Kikorro the Chopper (level 6, -10/53 HPs)
             Began as a Hill Orc Fighter on Sept 2, 2019.
             Was an Initiate of Okawaru.
             Mangled by an ogre
             ... wielding a +0 giant club
              (22 damage)
             ... on level 5 of the Dungeon.
             The game lasted 00:09:35 (2492 turns).

Kikorro the Chopper (Hill Orc Fighter)              Turns: 2492, Time: 00:09:36

Health: -10/53     AC:  9    Str: 24    XL:     6   Next: 25%
Magic:  0/6        EV:  8    Int: 13    God:    Okawaru [......]
Gold:   115        SH: 10    Dex: 10    Spells: 5/5 levels left

rFire    + . .     SeeInvis .   a - +0 war axe
rCold    + . .     Gourm    .   c - +0 shield
rNeg     . . .     Faith    .   b - +0 scale mail
rPois    .         Spirit   +   (no helmet)
rElec    .         Reflect  .   i - scarf {rC+ rF+}
rCorr    .         Harm     .   e - +1 pair of gloves
MR       .....                  (no boots)
Stlth    ..........             q - amulet of guardian spirit
HPRegen  0.17/turn              h - +3 ring of strength
MPRegen  0.10/turn              (no ring)

@: brilliant
A: no striking features
a: Renounce Religion


You were on level 5 of the Dungeon.
You worshipped Okawaru.
Okawaru was noncommittal.
You were hungry.

You visited 1 branch of the dungeon, and saw 5 of its levels.

You collected 115 gold pieces.

Inventory:

Hand Weapons
 a - a +0 war axe (weapon)
Armour
 b - a +0 scale mail (worn)
 c - a +0 shield (worn)
 e - a +1 pair of gloves (worn)
 i - a scarf of resistance (worn)
Jewellery
 h - a +3 ring of strength (left hand)
 q - an amulet of guardian spirit (around neck)
Wands
 l - a wand of paralysis (8)
Scrolls
 g - a scroll of remove curse {unknown}
 m - a scroll of fog {unknown}
 p - a scroll of immolation
 s - a scroll of enchant armour {unknown}
 t - a scroll of fear {unknown}
 v - a scroll of magic mapping
Potions
 d - a potion of might
 k - a potion of agility
 n - a potion of brilliance
 o - a potion of ambrosia {unknown}
 r - a potion of curing {unknown}
 u - a potion of lignification {unknown}
 w - a potion of degeneration {unknown}
Comestibles
 f - 2 rations
 j - a chunk of flesh


   Skills:
 + Level 4.5 Fighting
 + Level 5.8 Axes
 + Level 4.4 Armour
 + Level 0.8 Dodging
 + Level 4.2 Shields


You had 5 spell levels left.
You didn't know any spells.
Your spell library was empty.

Dungeon Overview and Level Annotations

Branches:
Dungeon (6/15)
 Temple: D:4-7

Altars:
Okawaru
Ru
Sif Muna


Message History

The ogre closely misses you. The phantom hits you.
You are too injured to fight recklessly!
You are too injured to fight recklessly!
You are too injured to fight recklessly!
You closely miss the phantom.
The phantom is moderately damaged.
You barely miss the ogre. The ogre barely misses you.
You block the phantom's attack.
You barely miss the phantom.
The phantom is moderately damaged.
You barely miss the ogre.
The phantom blinks!
The ogre hits you but does no damage.
Your shield prevents you from hitting the ogre.
The ogre is moderately wounded.
The ogre hits you with a +0 giant club.
* * * LOW HITPOINT WARNING * * *
You slash the ogre!
The ogre is severely wounded.
The ogre hits you with a +0 giant club!!
You die...

.l$s..........÷.......#
.....
Z#...........#........#
.....
O##...................#
...#...............#.....
..##...............#.#.#.
.###..............##..##
## #...............#.##
###.>..............#
.......?.@O#....
.......##§##.... ..##...
..W# .# ## #..##..... ###
....... ....#....
##..##### #.##


You could see a phantom and an ogre.

Vanquished Creatures
  A scorpion (D:5)
  A crimson imp (D:5)
  A hound (D:5)
  An orc wizard (D:6)
  An iguana (D:5)
  2 adders
  An ooze (D:1)
  An adder skeleton (D:5)
  2 worms (D:2)
  8 dart slugs
  A leopard gecko (D:1)
  An orc (D:6)
  3 giant cockroaches
  2 goblins (D:2)
  9 hobgoblins
  3 jackals (D:2)
  A quokka (D:5)
  A ball python (D:2)
  10 bats
  5 frilled lizards
  A jackal skeleton (D:5)
  4 kobolds
  A quokka skeleton (D:6)
  A quokka zombie (D:5)
  6 rats
68 creatures vanquished.

Vanquished Creatures (others)
  A leopard gecko (D:5)
1 creature vanquished.

Grand Total: 69 creatures vanquished

Notes
Turn   | Place    | Note
-------+----------+-------------------------------------------
     0 | D:1      | Kikorro the Hill Orc Fighter began the quest for the Orb.
     0 | D:1      | Reached XP level 1. HP: 19/19 MP: 1/1
   167 | D:1      | Reached XP level 2. HP: 27/27 MP: 2/2
   818 | D:2      | Reached XP level 3. HP: 33/33 MP: 3/3
   833 | D:2      | Reached skill level 3 in Axes
  1020 | D:2      | Found an iron altar of Okawaru.
  1027 | D:2      | Became a worshipper of Warmaster Okawaru
  1650 | D:2      | Found a deep blue altar of Sif Muna.
  1760 | D:3      | Reached XP level 4. HP: 36/40 MP: 4/4
  1846 | D:3      | You fall through a shaft for 2 floors!
  1846 | D:5      | Entered Level 5 of the Dungeon
  1848 | D:5      | Noticed an ogre
  1888 | D:6      | Reached skill level 4 in Axes
  2154 | D:6      | Found a sacrificial altar of Ru.
  2200 | D:5      | Reached XP level 5. HP: 42/47 MP: 3/5
  2251 | D:5      | Reached skill level 5 in Axes
  2370 | D:5      | Reached XP level 6. HP: 53/53 MP: 6/6
  2477 | D:5      | Noticed a phantom
  2492 | D:5      | Mangled by an ogre

Skill      XL: |  1  2  3  4  5 |
---------------+----------------+-----
Fighting       | 4 |  4.5
Axes           | 3 4 5 |  5.8
Armour         | 4 |  4.4
Shields        | 4 |  4.2
Dodging        | |  0.8

Action                   |  1- 3 |  4- 6 || total
-------------------------+-------+-------++-------
Melee: War axe           |   129 |    99 ||   228
  Use: Scroll            |     4 |       ||     4
       Potion            |       |     1 ||     1
 Stab: Paralysed         |       |     1 ||     1
  Eat: Chunk             |     2 |     3 ||     5
Armor: Scale mail        |    63 |    45 ||   108
Dodge: Dodged            |    31 |    38 ||    69
Block: Shield            |    58 |    43 ||   101
